 Dungeon Crawl Stone Soup version 0.26-a0-259-g1effd001a9 (webtiles) character file.

Game seed: 8199697432846501118

6793 wvc the Carver (level 11, -5/96 HPs)
             Began as a Naga Gladiator on July 12, 2020.
             Was a High Priest of Zin.
             Slain by Snorg (12 damage)
             ... on level 11 of the Dungeon.
             The game lasted 00:28:47 (14752 turns).

wvc the Carver (Naga Gladiator)                    Turns: 14752, Time: 00:28:48

Health: -5/96      AC: 14    Str: 17    XL:     11   Next: 5%
Magic:  13/13      EV:  9    Int:  8    God:    Zin [*****.]
Gold:   459        SH:  0    Dex: 16    Spells: 8/10 levels left

rFire    . . .     SeeInvis +   a - +4 scimitar (flame)
rCold    . . .     Faith    .   (no shield)
rNeg     + . .     Spirit   .   D - +2 scale mail {rPois}
rPois    +         Reflect  .   c - +1 helmet
rElec    .         Harm     .   e - +0 cloak
rCorr    .                      C - +0 pair of gloves
MR       ++...                  (no barding)
Stlth    ..........             (no amulet)
HPRegen  0.26/turn              n - ring of protection from magic
MPRegen  0.13/turn              E - ring of positive energy

@: very slow
A: large, see invisible, deformed body, poison resistance, slowness 2, slow
metabolism 1, spit poison 1, AC +3
a: Spit Poison, Recite, Vitalisation, Imprison, Sanctuary, Donate Gold, Renounce
Religion


You were on level 11 of the Dungeon.
You worshipped Zin.
Zin was extremely pleased with you.
You were not hungry.

You visited 1 branch of the dungeon, and saw 11 of its levels.

You collected 614 gold pieces.
You spent 94 gold pieces at shops.
You donated 61 gold pieces to Zin.

Inventory:

Hand Weapons
 a - a +4 scimitar of flaming (weapon)
 b - the +9 heavy crossbow "Sniper" {vorpal, Acc+∞ SInv}
   (You found it on level 6 of the Dungeon)

   Any bolt fired from it inflicts extra damage.
   It lets you see invisible.
 d - a +1 falchion of holy wrath
Missiles
 o - 49 poisoned darts
 p - 5 throwing nets
 t - 8 atropa-tipped darts
 w - 42 bolts
 x - 2 curare-tipped darts (quivered)
Armour
 c - a +1 helmet (worn)
 e - a +0 cloak (worn)
 C - a +0 pair of gloves (worn)
 D - a +2 scale mail of poison resistance (worn)
Jewellery
 n - a ring of protection from magic (left hand)
 v - an uncursed ring of fire
 y - an uncursed amulet of faith
 E - a ring of positive energy (right hand)
Wands
 m - a wand of disintegration (19)
 A - a wand of flame (19)
 F - a wand of iceblast (8)
 H - a wand of digging (3)
Scrolls
 j - 2 scrolls of teleportation
 l - a scroll of enchant armour
 r - 6 scrolls of remove curse
 B - 3 scrolls of immolation
 G - 2 scrolls of identify
Potions
 i - 3 potions of cancellation
 k - 2 potions of lignification {unknown}
 q - 5 potions of brilliance
 s - 8 potions of curing
 u - 3 potions of resistance {unknown}
 z - a potion of flight {unknown}
 I - a potion of stabbing {unknown}
Comestibles
 f - 42 rations


   Skills:
 * Level 5.5 Fighting
 - Level 14.0 Long Blades
 + Level 0.3 Crossbows
 - Level 1.7 Throwing
 + Level 4.1 Armour
 + Level 3.1 Dodging
 - Level 3.0 Invocations


You had 8 spell levels left.
You knew the following spells:

 Your Spells              Type           Power        Failure   Level
a - Blink                 Tloc           N/A          91%         2

Your spell library contained the following spells:

 Spells                   Type           Power        Failure   Level
 Corona                   Hex            #......      80%         1
 Infusion                 Chrm           #...         80%         1
 Magic Dart               Conj           #...         80%         1
 Call Imp                 Summ           #.......     91%         2
 Ensorcelled Hibernation  Hex/Ice        #.....       91%         2
 Shroud of Golubria       Chrm/Tloc      #.....       91%         2
 Slow                     Hex            #.......     91%         2
 Song of Slaying          Chrm           #.......     91%         2
 Confusing Touch          Hex            #.......     99%         3
 Conjure Flame            Conj/Fire      #.......     99%         3
 Dazzling Flash           Conj/Hex       #.....       99%         3
 Mephitic Cloud           Conj/Pois/Air  #.......     99%         3
 Ozocubu's Armour         Chrm/Ice       #.......     99%         3
 Spectral Weapon          Hex/Chrm       #.......     99%         3
 Tukima's Dance           Hex            #.......     99%         3


Dungeon Overview and Level Annotations

Branches:
Dungeon (11/15)            Temple (0/1) D:5            Lair (0/6) D:8
    Orc: D:9-12

Altars:
Dithmenos
Elyvilon
Fedhas
Nemelex Xobeh
Okawaru
Qazlal
Ru
Sif Muna
Vehumet
Xom
Zin
The Shining One

Shops:
D:4 *   D:8 (

Annotations:
D:9 1 transporter
D:11 Snorg


Innate Abilities, Weirdness & Mutations

You cannot wear boots.
Your serpentine skin is tough. (AC +3)
You have supernaturally acute eyesight. (SInv)
Armour fits poorly on your strangely shaped body.
Your system is resistant to poisons. (rPois)
You cover ground very slowly.
You have a slow metabolism.
You can spit poison.


Message History

Snorg bites you! Snorg claws you!! Snorg claws you! The ogre barely misses you.
You riposte.
You slash the ogre! You burn the ogre.
The ogre is heavily wounded.
The orc hits you with a +0 hand axe.
You climb downwards.
There is a stone staircase leading up here.
You see here a +1 long sword.
Throwing (i - inventory. (/) - cycle)
x - 3 curare-tipped darts (quivered)
Press: ? - help, Shift-Dir - straight line, f - Snorg
Aim: Snorg (berserk)
You throw a curare-tipped dart.
The curare-tipped dart barely misses Snorg.
Snorg bites you!!
* * * LOW HITPOINT WARNING * * *
Snorg claws you.
* * * LOW HITPOINT WARNING * * *
Snorg barely misses you. The ogre hits you but does no damage. Snorg bites you!
* * * LOW HITPOINT WARNING * * *
Snorg claws you!
You die...

#...# #...# #...######
#......... #.
#######...#.....
#...###....>..........
#.....T.O.............
..###@o)............
######..........
#.###.....$ #.# .#####
#.# # #.. ##. .


You could see Snorg (berserk), an ogre and an orc.

Vanquished Creatures
  Erica (D:11)
  Pikel (D:5)
  A gargoyle (D:10)
  Prince Ribbit (D:7)
  Eustachio (D:5)
  Sigmund (D:5)
  Edmund (D:5)
  Menkaure (D:7)
  2 hornet zombies
  A phantom (D:5)
  A sky beast (D:8)
  2 ice beasts (D:5)
  A necrophage (D:8)
  A black bear (D:7)
  6 ogres
  5 centaurs
  4 lemures
  4 bullfrogs
  A gnoll sergeant (D:7)
  2 scorpions
  A water moccasin skeleton (D:4)
  8 killer bees
  A howler monkey (D:6)
  A quasit (D:9)
  A bullfrog zombie (D:9)
  A hound (D:7)
  2 jellies
  A bullfrog skeleton (D:7)
  7 orc priests
  2 centaur skeletons
  3 gnoll shamans (D:6)
  10 orc wizards
  4 iguanas
  6 worker ants
  A killer bee zombie (D:5)
  2 worker ant zombies
  14 adders
  47 gnolls
  2 river rats (D:6)
  2 shadow imps
  3 white imps
  2 ufetubi
  3 adder skeletons
  5 worms
  3 dart slugs
  5 leopard geckos
  29 orcs
  8 giant cockroaches
  8 hobgoblins
  24 jackals
  4 quokkas
  7 bats
  4 frilled lizards
  6 goblins
  9 kobolds
  A quokka skeleton (D:4)
  12 rats
287 creatures vanquished.

Notes
Turn   | Place    | Note
-------+----------+-------------------------------------------
     0 | D:1      | wvc the Naga Gladiator began the quest for the Orb.
     0 | D:1      | Reached XP level 1. HP: 19/19 MP: 1/1
    99 | D:1      | Reached XP level 2. HP: 26/26 MP: 2/2
   404 | D:1      | Reached skill level 4 in Long Blades
   663 | D:1      | Reached XP level 3. HP: 29/32 MP: 3/3
  1114 | D:2      | Reached XP level 4. HP: 29/39 MP: 4/4
  1452 | D:2      | Found a white marble altar of Elyvilon.
  1458 | D:2      | Found a shadowy altar of Dithmenos.
  1645 | D:2      | Reached skill level 5 in Long Blades
  1887 | D:2      | Found a faded altar of an unknown god.
  1900 | D:2      | Became a worshipper of Zin the Law-Giver
  1900 | D:2      | Reached * piety under Zin
  2127 | D:2      | Learned a level 2 spell: Blink
  2265 | D:3      | Reached ** piety under Zin
  2446 | D:3      | Found a faded altar of an unknown god.
  2446 | D:3      | Found a radiant altar of Vehumet.
  2451 | D:3      | Found a shimmering blue altar of Sif Muna.
  2453 | D:3      | Found a sparkling altar of Nemelex Xobeh.
  2454 | D:3      | Found a faded altar of an unknown god.
  2820 | D:3      | Reached XP level 5. HP: 39/45 MP: 5/5
  3270 | D:3      | Reached skill level 6 in Long Blades
  3670 | D:4      | Found Naerhef's Elemental Accessories.
  3831 | D:4      | Reached XP level 6. HP: 42/52 MP: 6/6
  3972 | D:4      | Got a steaming hunting sling
  3999 | D:4      | Reached skill level 7 in Long Blades
  4128 | D:4      | Identified the +7 hunting sling of Gatwotint {freeze,
                  | *Contam +Inv rPois rF++} (You found it on level 4 of the
                  | Dungeon)
  4183 | D:4      | Found a shimmering altar of Xom.
  4462 | D:4      | Reached *** piety under Zin
  4662 | D:5      | Entered Level 5 of the Dungeon
  4706 | D:5      | Reached XP level 7. HP: 45/60 MP: 7/7
  4816 | D:5      | Reached skill level 8 in Long Blades
  5055 | D:5      | Found a staircase to the Ecumenical Temple.
  5270 | D:5      | Reached skill level 9 in Long Blades
  5437 | D:5      | Found a blossoming altar of Fedhas.
  5577 | D:5      | Noticed Eustachio
  5581 | D:5      | Noticed Sigmund
  5582 | D:5      | Killed Eustachio
  5582 | D:5      | Reached XP level 8. HP: 67/67 MP: 8/8
  5590 | D:5      | Killed Sigmund
  5590 | D:5      | Reached skill level 10 in Long Blades
  5788 | D:5      | Noticed Edmund
  5809 | D:5      | Killed Edmund
  6050 | D:5      | Noticed Pikel
  6413 | D:5      | Killed Pikel
  6413 | D:5      | Reached skill level 11 in Long Blades
  6413 | D:5      | Reached XP level 9. HP: 31/73 MP: 9/9
  6631 | D:5      | Found a glowing golden altar of the Shining One.
  6975 | D:6      | Found a stormy altar of Qazlal.
  6977 | D:6      | Found the +9 heavy crossbow "Sniper" {vorpal, Acc+∞ SInv}
  7019 | D:6      | Reached **** piety under Zin
  7438 | D:6      | Reached skill level 12 in Long Blades
  7475 | D:6      | Found a glowing golden altar of the Shining One.
  9710 | D:7      | Reached skill level 13 in Long Blades
  9923 | D:7      | Noticed Prince Ribbit
  9931 | D:7      | Killed Prince Ribbit
 10105 | D:7      | Reached XP level 10. HP: 54/80 MP: 10/10
 10434 | D:7      | Noticed Menkaure
 10441 | D:7      | Killed Menkaure
 10829 | D:8      | Reached skill level 14 in Long Blades
 10905 | D:8      | HP: 2/80 [acid (8)]
 11336 | D:8      | Found a staircase to the Lair.
 11336 | D:8      | Found Selot's Weapon Emporium.
 11356 | D:8      | Bought 28 bolts for 61 gold pieces
 11356 | D:8      | Bought 15 bolts for 33 gold pieces
 11430 | D:8      | Reached skill level 1 in Armour
 11430 | D:8      | Reached skill level 1 in Invocations
 11778 | D:8      | You fall into a shaft and drop 1 floor!
 12042 | D:8      | Found a sacrificial altar of Ru.
 12142 | D:8      | Reached ***** piety under Zin
 12604 | D:9      | Found a transporter.
 13062 | D:9      | Found an iron altar of Okawaru.
 13171 | D:10     | Entered Level 10 of the Dungeon
 13758 | D:10     | Noticed a gargoyle
 13773 | D:10     | HP: 1/86 [gargoyle/stone arrow (13)]
 13776 | D:10     | Killed a gargoyle
 14445 | D:10     | Noticed Erica
 14456 | D:10     | Noticed Snorg
 14464 | D:11     | Killed Erica
 14464 | D:11     | Reached skill level 5 in Fighting
 14464 | D:11     | Reached XP level 11. HP: 31/96 MP: 13/13
 14752 | D:11     | Slain by Snorg

Illustrated notes

Levels and vault maps discovered:
D:1:      scummos_arrival_forest, layout_loops_ring
D:2:      layout_basic, grunt_temple_overflow_open,
          chequers_ecumenical_altar_simple_redux, minmay_misc_feat_more_columns,
          kennysheep_generic_room_13
D:3:      layout_basic, chequers_temple_overflow_minitemple, first_ration,
          st_stairs_13, kennysheep_generic_room_6
D:4:      layout_cave_pools, kennysheep_little_box, minmay_misc_feat_enclosed,
          nicolae_elemental_shop, minivault_27, minivault_5
D:5:      layout_loops_cross, lemuel_round_altar, temple_doors_e,
          nicolae_tso_swordbearing_angel, uniq_pikel, uniq_edmund, uniq_sigmund,
          uniq_eustachio
D:6:      lemuel_castle_with_subvaults [lemuel_castle_interior_carwin_1],
          layout_loops_ring, lemuel_crystal_altar, old_standard_altar,
          lightli_sewer_entry_pipes, kennysheep_nondescript
D:7:      layout_rooms, grunt_ogre_cave, uniq_menkaure, uniq_prince_ribbit1
D:8:      layout_rooms, lemuel_coloured_pillars_altar, dpeg_oklobed_lair,
          serial_shops, shop
D:9:      gammafunk_the_bubble [the_bubble_gammafunk_plus_minus],
          layout_cave_pools, okawaru_altar_gauntlet_db
D:10:     layout_rooms, basic_altar, gammafunk_ghost_mausoleum, uniq_snorg,
          uniq_erica
D:11:     layout_loops_cross, orc_0_dummy

Skill      XL: |  1  2  3  4  5  6  7  8  9 10 |
---------------+-------------------------------+-----
Long Blades    | 4 5 6 7 9 11 13 14 | 14.0
Armour         | 4 |  4.1
Invocations    | 3 |  3.0
Fighting       | 5 |  5.5
Dodging        | 3 |  3.1
Crossbows      | |  0.3
Throwing       | |  1.7

Action                   |  1- 3 |  4- 6 |  7- 9 | 10-12 || total
-------------------------+-------+-------+-------+-------++-------
Melee: Long sword        |    82 |   224 |   459 |   298 ||  1063
       Falchion          |       |       |    24 |     6 ||    30
       Scimitar          |       |       |       |    11 ||    11
 Fire: Heavy crossbow    |       |       |       |     6 ||     6
Throw: Throwing net      |       |     2 |     2 |       ||     4
       Dart              |       |     2 |    18 |    12 ||    32
Invok: Recite            |       |       |     2 |     7 ||     9
 Abil: Spit Poison       |     1 |     6 |    18 |    10 ||    35
  Use: Scroll            |       |    10 |     8 |     4 ||    22
       Potion            |       |       |     1 |     3 ||     4
 Stab: Invisible         |       |       |       |     5 ||     5
  Eat: Ration            |       |     3 |     3 |     3 ||     9
Armor: Leather armour    |    36 |       |       |       ||    36
       Ring mail         |    16 |   110 |   181 |     7 ||   314
       Scale mail        |       |       |       |   164 ||   164
Dodge: Dodged            |    67 |   123 |   207 |   152 ||   549
       Rpst.: Long sword |    20 |    34 |    62 |    37 ||   153
       Falchion          |       |       |     5 |     2 ||     7
       Scimitar          |       |       |       |     1 ||     1

Table legend:
 A = Non-vault XP
 B = Vault XP
 C = Vault XP percentage of total XP
 D = Non-vault monster count
 E = Vault monster count
 F = Vault count percentage of total count
                 A         B        C        D         E       F
            +---------+---------+-------+---------+---------+-------
      Total |    6064 |    3641 |  37.5 |     201 |      82 |  29.0
            +---------+---------+-------+---------+---------+-------
        D:1 |      37 |       0 |   0.0 |      19 |       0 |   0.0
        D:2 |      73 |       2 |   2.7 |      18 |       1 |   5.3
        D:3 |      95 |      33 |  25.8 |      28 |       5 |  15.2
        D:4 |     350 |       0 |   0.0 |      17 |       0 |   0.0
        D:5 |     622 |    1220 |  66.2 |      19 |       4 |  17.4
        D:6 |     407 |     831 |  67.1 |      15 |      62 |  80.5
        D:7 |    1027 |     573 |  35.8 |      26 |       3 |  10.3
        D:8 |     881 |       0 |   0.0 |      14 |       0 |   0.0
        D:9 |     752 |      38 |   4.8 |      25 |       6 |  19.4
       D:10 |    1652 |       0 |   0.0 |      17 |       0 |   0.0
       D:11 |     168 |     944 |  84.9 |       3 |       1 |  25.0
            +---------+---------+-------+---------+---------+-------
